AoeStats
← Henrik

Nomad

510174800Analyzed
3v3 RM · 2d ago on Sep 29, 2026· 84m 45s· 6 players
Game mode
Random Map
Map size
210×210
Population
200
Speed
Normal
Resources
Standard
Victory
Conquest
Starting age
Dark Age
Ending age
Imperial Age
RankedLock teamsTeams togetherTeam positionsShared explorationLock speedFull tech treeHidden civsTurbo modeCheats
Victory
Defeat
🇬🇧 Persians · United Kingdom
1011
+11
🇬🇧 Celts · United Kingdom
887
+16
🇬🇧 Lithuanians · United Kingdom
738
+23
🇨🇱 Persians · Chile
927
-18
🇨🇳 Goths · China
896
-17
🇨🇳 Magyars · China
863
-15
Bad Boy Bidwa
12:03 Loom
14:56 Feudal Age
15:27 Gold Mining
15:28 Double-Bit Axe
21:05 Castle Age
20:23 Bloodlines
20:24 Forging
20:20 Scale Barding Armor
26:02 Bow Saw
25:48 Stone Mining
27:31 Husbandry
28:07 Iron Casting
27:52 Chain Barding Armor
29:47 Wheelbarrow
31:48 Imperial Age
29:30 Horse Collar
30:56 Fletching
31:33 Cavalier
33:16 Hand Cart
34:04 Blast Furnace
33:25 Chain Barding Armor
37:48 Heavy Plow
38:57 Two-Man Saw
39:37 Plate Barding Armor
41:02 Gold Shaft Mining
41:19 Kamandaran
42:01 Ballistics
42:42 Chemistry
41:42 Bodkin Arrow
41:52 Padded Archer Armor
41:17 Crossbowman
50:56 Thumb Ring
50:16 Savar
65:34 Citadels
HELLBLAZER
11:11 Loom
17:00 Feudal Age
18:32 Wheelbarrow
17:48 Double-Bit Axe
20:16 Fishing Lines
20:58 Forging
22:59 Castle Age
21:06 Man-at-Arms
24:23 Bow Saw
24:23 Gillnets
24:37 Town Watch
25:08 Hand Cart
25:15 Gold Mining
25:16 Stone Mining
30:57 Imperial Age
30:01 Fervor
30:40 Pikeman
32:18 Ballistics
32:10 Masonry
33:03 Chemistry
34:33 Furor Celtica
34:26 Fletching
37:23 Conscription
49:12 Gambesons
51:02 Medium Warships
52:18 Heavy Warships
52:19 Long Swordsman
52:46 Arson
53:44 Iron Casting
53:09 Scale Mail Armor
53:34 Two-Handed Swordsman
57:22 Halberdier
57:26 Champion
60:46 Bodkin Arrow
61:52 Blast Furnace
61:08 Chain Mail Armor
67:05 Horse Collar
67:14 Elite Woad Raider
70:39 Plate Mail Armor
71:58 Siege Engineers
baron von wes
9:57 Loom
13:41 Feudal Age
16:28 Double-Bit Axe
18:10 Stone Mining
22:28 Castle Age
21:29 Horse Collar
21:46 Gold Mining
23:55 Pikeman
25:14 Fletching
27:42 Stone Shaft Mining
29:41 Wheelbarrow
30:46 Heavy Plow
31:19 Bloodlines
31:17 Scale Barding Armor
33:59 Bow Saw
34:53 Hand Cart
36:38 Chain Barding Armor
42:11 Imperial Age
41:20 Forging
41:12 Husbandry
43:40 Plate Barding Armor
46:34 Conscription
47:10 Bodkin Arrow
49:58 Two-Man Saw
49:32 Crop Rotation
48:37 Crossbowman
49:23 Bracer
50:17 Thumb Ring
51:40 Masonry
53:30 Architecture
56:25 Iron Casting
60:24 Elite Leitis
61:58 Padded Archer Armor
72:30 Herbal Medicine
76:11 Chemistry
XITRO
5:45 Loom
14:12 Feudal Age
14:39 Double-Bit Axe
15:15 Fishing Lines
15:39 Horse Collar
20:47 Castle Age
22:12 Medium Warships
22:51 Gillnets
24:25 Wheelbarrow
27:23 Gold Mining
31:01 Fletching
32:05 Stone Mining
33:12 Heavy Plow
39:03 Imperial Age
40:38 Hand Cart
41:00 Gold Shaft Mining
39:50 Capped Ram
42:17 Conscription
41:22 Capped Ram
42:12 Town Watch
44:34 Onager
47:01 Chemistry
46:12 Masonry
46:24 Ballistics
46:27 Elite War Elephant
47:29 Murder Holes
48:43 Bow Saw
51:01 Two-Man Saw
49:24 Heavy Camel Rider
50:05 Husbandry
50:15 Bloodlines
50:51 Bloodlines
52:52 Architecture
53:41 Caravan
54:09 Squires
53:32 Heavy Scorpion
60:19 Bodkin Arrow
60:25 Padded Archer Armor
60:35 Forging
61:15 Heated Shot
61:30 Siphons
61:04 Light Cavalry
62:25 Town Patrol
64:03 Heavy Warships
64:30 Clinker Construction
64:30 Careening
65:01 Iron Casting
64:41 Leather Archer Armor
64:32 Scale Barding Armor
68:23 Dry Dock
68:24 Carvel Hull
70:39 Hoardings
70:16 Citadels
70:07 Kamandaran
70:37 Cavalier
71:54 Crossbowman
72:40 Thumb Ring
74:12 Chain Barding Armor
73:54 Scale Mail Armor
74:56 Blast Furnace
75:59 Elite Skirmisher
79:10 Hussar
79:11 Savar
Henrik
13:09 Loom
15:46 Feudal Age
16:08 Horse Collar
17:24 Double-Bit Axe
24:51 Castle Age
26:24 Pikeman
29:09 Stone Mining
30:38 Heavy Plow
33:19 Gold Mining
33:43 Bow Saw
35:51 Gold Shaft Mining
39:01 Imperial Age
40:40 Wheelbarrow
42:26 Corvinian Army
42:47 Conscription
43:01 Hand Cart
44:02 Crop Rotation
45:10 Halberdier
47:20 Conscription
49:06 Two-Man Saw
49:01 Scale Mail Armor
48:43 Elite Magyar Huszar
51:02 Caravan
56:42 Elite Skirmisher
57:28 Thumb Ring
61:30 Scale Barding Armor
61:40 Chain Mail Armor
62:59 Onager
64:45 Medium Warships
63:57 Demolition Ship
Letty
13:51 Feudal Age
14:44 Fishing Lines
20:30 Castle Age
19:02 Double-Bit Axe
22:04 Wheelbarrow
21:31 Gillnets
24:58 Pikeman
34:43 Imperial Age
32:38 Squires
32:25 Horse Collar
33:35 Hand Cart
33:08 Town Watch
33:09 Loom
34:48 Heavy Plow
35:48 Conscription
35:31 Perfusion
36:21 Anarchy
37:18 Gold Mining
37:51 Bow Saw
39:12 Crop Rotation
39:46 Two-Man Saw
39:04 Halberdier
53:09 Elite Skirmisher
57:57 Crossbowman
63:12 Chemistry
62:24 Forging
62:15 Scale Mail Armor
62:07 Fletching
62:17 Padded Archer Armor
67:17 Stone Mining
Connection lost

Rejoining the realm…

Still unreachable

The connection could not be restored.

Session expired

The server has moved on; the page needs a fresh start.